Map: Disco Bloodbath LE

Players

Kitagawa - Winner!

  • Race: Terran Terran
  • League: Master
  • Spawn Location: 3:00

DetRice

  • Race: Zerg Zerg
  • League: Diamond
  • Spawn Location: 9:00

VOD

Have the link to the VOD?

Description

Time

  • Played on: Sept. 7, 2019, 2:37 p.m.
  • Length: 8:58
Show
View Real Time Build Order
Export as new Build Order

Kitagawa Terran - Winner!

Build Orders: Reaper Expand 

Get SALT Encoding   

  12  0:00  SCV  
  13  0:13  SCV  
  14  0:17  Supply Depot  
  14  0:25  SCV  
  15  0:38  SCV  
  15  0:40  Barracks  
  16  0:45  Refinery  
  16  0:50  SCV  
  17  1:03  SCV  
  18  1:15  SCV  
  19  1:28  Reaper  
  19  1:29  Orbital Command  
  20  1:41  Command Center  
  20  1:53  Barracks  
  20  1:55  SCV  
  20  1:59  Refinery  
  20  2:00  Barracks Reactor  
  21  2:07  Supply Depot  
  21  2:11  SCV  
  22  2:23  Factory  
  22  2:24  SCV  
  23  2:39  Marine, SCV  
  23  2:40  Marine  
  23  2:41  Barracks Tech Lab  
  26  2:51  SCV  
  26  2:57  Orbital Command  
  27  3:03  Marine x2, SCV  
  30  3:06  Stimpack  
  30  3:08  Marine  
  31  3:16  Starport  
  31  3:19  Orbital Command  
  31  3:22  SCV  
  31  3:24  Factory Reactor  
  32  3:29  Marine  
  32  3:31  Marine  
  34  3:34  SCV  
  35  3:45  Marine  
  35  3:46  Marine  
  37  3:49  Marine, SCV  
  37  3:53  SCV  
  40  3:58  Supply Depot  
  40  4:03  Marine, Supply Depot  
  40  4:06  Marine  
  40  4:07  Marine  
  40  4:08  SCV  
  44  4:12  Factory Tech Lab, Medivac  
  46  4:19  Medivac  
  46  4:20  Marine, SCV  
  46  4:24  Marine, Supply Depot  
  50  4:32  Supply Depot  
  50  4:37  Supply Depot  
  50  4:38  Marine x2, Supply Depot  
  50  4:41  Medivac  
  50  4:42  Marine  
  55  4:48  Combat Shield  
  55  4:56  Marine x2  
  57  5:00  Marine  
  57  5:01  SCV x2  
  57  5:03  Refinery  
  60  5:09  Refinery  
  60  5:10  Siege Tank  
  60  5:13  SCV  
  64  5:14  Marine x2  
  64  5:16  Engineering Bay  
  64  5:18  Marine  
  67  5:29  Medivac  
  67  5:32  Marine x2  
  71  5:35  Marine  
  72  5:49  Marine  
  68  5:50  Marine  
  68  5:52  Siege Tank  
  68  5:53  Marine  
  73  6:07  Marine x2  
  73  6:08  SCV x2  
  77  6:11  Marine  
  77  6:18  Terran Infantry Weapons Level 1  
  77  6:20  Command Center, SCV x2  
  77  6:25  Marine x2  
  79  6:29  Marine  
  79  6:30  Siege Tank  
  79  6:32  Concussive Shells  
  85  6:43  Marine  
  85  6:47  Marine x2  
  86  6:48  SCV x2  
  86  6:49  Supply Depot  
  86  6:53  Medivac  
  92  7:00  SCV  
  92  7:01  Marine  
  93  7:04  Marine  
  94  7:10  Marine  
  94  7:12  Supply Depot  
  94  7:19  Marine, Siege Tank, SCV x2  
  94  7:22  Marine  
  97  7:28  Marine  
  99  7:36  Marine  
  100  7:40  Marine  
  101  7:45  SCV x2  
  101  7:46  Marine, Orbital Command  
  101  7:50  Armory  
  101  7:51  Siege Tank  
  107  7:54  Marine  
  107  7:57  SCV x2  
  107  7:58  Marine  
  111  8:04  Marine, Missile Turret  
  112  8:06  Barracks  
  112  8:09  SCV  
  112  8:12  Marine  
  114  8:16  Marine  
  112  8:33  Marine  
  112  8:34  Marine x2  
Show
View Real Time Build Order
Export as new Build Order

DetRice Zerg 

Build Orders: Hatch First 

Get SALT Encoding   

  12  0:01  Drone  
  13  0:12  Overlord  
  13  0:16  Drone  
  14  0:32  Drone x2  
  16  0:38  Drone  
  17  0:53  Hatchery  
  17  0:56  Drone  
  17  1:00  Extractor  
  17  1:01  Drone  
  17  1:07  Drone  
  18  1:20  Spawning Pool  
  18  1:23  Drone  
  18  1:29  Drone  
  19  1:39  Overlord  
  19  1:51  Drone  
  20  2:06  Metabolic Boost  
  20  2:07  Queen x2  
  24  2:11  Zergling x4  
  24  2:14  Drone  
  27  2:18  Drone  
  28  2:23  Drone  
  28  2:29  Drone  
  30  2:41  Drone x2  
  32  2:50  Drone x2  
  34  2:59  Overlord  
  34  3:09  Hatchery  
  33  3:13  Drone  
  33  3:14  Drone x2  
  36  3:29  Overlord  
  36  3:31  Roach Warren  
  35  3:44  Zergling x12  
  35  3:48  Overlord  
  41  3:59  Drone, Extractor  
  41  4:00  Drone x2  
  41  4:01  Drone  
  44  4:11  Roach  
  44  4:12  Roach x3  
  44  4:16  Lair  
  52  4:22  Evolution Chamber  
  52  4:23  Drone x6  
  52  4:24  Drone  
  57  4:36  Drone x3  
  57  4:37  Baneling Nest  
  59  4:41  Queen  
  59  4:42  Queen  
  59  4:44  Overlord  
  63  4:54  Overlord  
  63  4:56  Overlord  
  63  5:05  Zerg Melee Weapons Level 1  
  63  5:06  Roach  
  69  5:07  Roach x4  
  69  5:13  Drone x4  
  78  5:14  Drone  
  78  5:29  Zergling x2  
  78  5:30  Zergling x6  
  69  5:53  Glial Reconstitution  
  69  6:04  Drone x11  
  77  6:18  Overlord x3  
  77  6:25  Spire  
  76  6:35  Queen  
  78  6:47  Spore Crawler  
  78  6:48  Spine Crawler  
  78  6:49  Drone x3  
  78  6:50  Drone x6  
  78  6:52  Centrifical Hooks  
  85  7:11  Extractor  
  85  7:12  Extractor  
  61  7:23  Zergling x2  
  61  7:24  Zergling x16  
  66  7:36  Zergling x12  
  67  7:51  Baneling  
  67  7:52  Baneling x9  
  67  7:59  Baneling x6  
  67  8:08  Hatchery  
  66  8:17  Roach  
  66  8:18  Roach x8  
  66  8:19  Overlord  
  84  8:20  Overlord x2  
Tags
 
Add a new tag
Caveats
  • Supply blocks, unpowered buildings, or Contaminate may cause inaccurate times.
  • Supply counts are checked every 10 seconds.